 Dungeon Crawl Stone Soup version 0.27-a0-906-g0a00ce863d (webtiles) character file.

Game seed: 13353782066319386279

0 kae the Insei (level 1, 0/16 HPs)
             Began as a Demonspawn Gladiator on Apr 6, 2021.
             Succumbed to a goblin's poison
             ... on level 1 of the Dungeon.
             The game lasted 00:00:07 (68 turns).

kae the Insei (Demonspawn Gladiator)                  Turns: 68, Time: 00:00:07

Health: 0/16       AC:  4    Str: 14    XL:     1   Next: 8%
Magic:  1/1        EV: 12    Int:  9    God:
Gold:   26         SH:  0    Dex: 14    Spells: 0/0 levels left

rFire    . . .     SeeInvis .     - Unarmed
rCold    . . .     Faith    .   (no shield)
rNeg     . . .     Spirit   .   a - +0 leather armour
rPois    .         Reflect  .   b - +0 helmet
rElec    .         Harm     .   (no cloak)
rCorr    .         Rampage  .   (no gloves)
Will     .....                  (no boots)
Stlth    +.........             (no amulet)
HPRegen  0.05/turn              (no ring)
MPRegen  0.07/turn              (no ring)

@: lethally poisoned (0 -> -5)
A: no striking features
a: no special abilities


You were on level 1 of the Dungeon.
You visited 1 branch of the dungeon, and saw 1 of its levels.

You collected 26 gold pieces.

Inventory:

Missiles
 c - 3 throwing nets (quivered)
Armour
 a - a +0 leather armour (worn)
 b - a +0 helmet (worn)


   Skills:
 + Level 2.0 Fighting
 - Level 1.7 Throwing
 + Level 2.7 Dodging
 * Level 2.7 Unarmed Combat


You couldn't memorise any spells.
You didn't know any spells.
Your spell library was empty.

Dungeon Overview and Level Annotations

Branches:
Dungeon (1/15)

Altars:


Message History

The goblin is moderately wounded.
The goblin hits you with a +1 dagger of venom.
The goblin misses you.
There are monsters nearby!
You closely miss the goblin.
The goblin is moderately wounded.
The goblin barely misses you. The ball python bites you.
The ball python closely misses you. The goblin hits you but does no damage.
You hit the goblin. Your punch misses the goblin.
The goblin is severely wounded.
The goblin misses you.
The ball python bites you but does no damage.
The ball python barely misses you.
A frilled lizard comes into view.
The goblin hits you with a +0 dagger.
There are monsters nearby!
You are too injured to fight recklessly!
You are too injured to fight recklessly!
You are too injured to fight recklessly!
You are too injured to fight recklessly!
You are too injured to fight recklessly!
You are too injured to fight recklessly!
The ball python bites you but does no damage.
The ball python closely misses you.
You swing at nothing.
The frilled lizard hisses angrily.
The ball python bites you but does no damage.
The ball python grabs you. The ball python constricts you.
The goblin hits you with a +1 dagger of venom.
You are lethally poisoned!
You aren't carrying any potions.
You escape the ball python's grasp.
* * * LOW HITPOINT WARNING * * *
You feel very sick.
* * * LOW HITPOINT WARNING * * *
You feel sick.
You closely miss the ball python.
* * * LOW HITPOINT WARNING * * *
You feel sick. The ball python misses you. The ball python barely misses you.
You die...

#############
#g...........
#S#..........
#@#..........
#.#..........
#.#..........
#.#.....l....
#.#..........
#.#..........
#.#..........
#.##.........
#.###########


You could see a goblin and a ball python.

Vanquished Creatures
  A rat (D:1)
1 creature vanquished.

Notes
Turn   | Place    | Note
-------+----------+-------------------------------------------
     0 | D:1      | kae the Demonspawn Gladiator began the quest for the Orb.
     0 | D:1      | Reached XP level 1. HP: 16/16 MP: 1/1
    68 | D:1      | Succumbed to a goblin's poison

Illustrated notes

Levels and vault maps discovered:
D:1:      dpeg_arrival_radiant, layout_basic

Action                   || total
-------------------------++-------
Melee: Unarmed           ||     6
Armor: Leather armour    ||     5
Dodge: Dodged            ||    10

Table legend: (Time is in decaauts)
 A = Elapsed time spent in this place.
 B = Non-inter-level travel time spent in this place.
 C = Inter-level travel time spent in this place.
 D = Time resting spent in this place.
 E = Time spent auto-exploring this place.
 F = Levels seen in this place.
 G = Mean time per level.
                   A        B        C        D        E       F      G
               +--------+--------+--------+--------+--------+-----+--------+
         Total |     67 |     67 |      0 |      0 |     47 |   1 |   67.0 |
       Dungeon |     67 |     67 |      0 |      0 |     47 |   1 |   67.0 |
               +--------+--------+--------+--------+--------+-----+--------+

Top non-repeatable levels by time:
     D:1: 67 daAuts
